 Dungeon Crawl Stone Soup version 0.31-a0-559-g03b8d61ab2 (webtiles) character file.

Game seed: 17914407808768334108

85 AdnanSaban the Covered (level 4, -2/29 HPs)
             Began as a Gargoyle Fighter on Aug 17, 2023.
             Slain by a black bear (8 damage)
             ... on level 3 of the Dungeon.
             The game lasted 00:01:21 (1884 turns).

AdnanSaban the Covered (Gargoyle Fighter)           Turns: 1884, Time: 00:01:22

Health: -2/29      AC: 10    Str: 22    XL:     4   Next: 48%
Magic:  4/4        EV:  9    Int:  8    God:
Gold:   102        SH:  4    Dex:  9    Spells: 3/3 levels left

rFire   . . .        a - +0 flail
rCold   . . .        c - +0 buckler
rNeg    + . .        b - +0 scale mail
rPois   ∞            (no helmet)
rElec   +            (no cloak)
rCorr   .            (no gloves)
SInv    .            (no boots)
Will    .....        (no amulet) Stlth
                     (no ring)
HPRegen 0.24/turn    (no ring)
MPRegen 0.09/turn

%: no passive effects
@: no status effects
A: sickness immunity, AC +3, negative energy resistance 1, electricity
resistance, torment resistance 1, petrification resistance
a: no special abilities


You were on level 3 of the Dungeon.
You visited 1 branch of the dungeon, and saw 3 of its levels.

You collected 102 gold pieces.

Inventory:

Hand Weapons
 a - a +0 flail (weapon)
Missiles
 j - 2 atropa-tipped darts
Armour
 b - a +0 scale mail (worn)
 c - a +0 buckler (worn)
Jewellery
 l - a ring of fire
Scrolls
 g - a scroll of identify {unknown}
 h - a scroll of teleportation {unknown}
 i - a scroll of enchant weapon {unknown}
 k - a scroll of fog {unknown}
 n - a scroll of brand weapon {unknown}
 o - a scroll of silence {unknown}
Potions
 d - a potion of might
 e - a potion of mutation {unknown}
 f - a potion of haste {unknown}
 m - 2 potions of cancellation {unknown}
 p - a potion of heal wounds {unknown}
 q - 3 potions of curing {unknown}


   Skills:
 + Level 3.9 Fighting
 + Level 2.9 Maces & Flails
 + Level 4.1 Armour
 + Level 0.1 Dodging
 + Level 3.7 Shields


You had 3 spell levels left.
You didn't know any spells.
Your spell library contained the following spells:

 Spells                   Type           Power      Damage    Failure   Level
 Apportation              Tloc           0%         N/A       80%         1
 Freeze                   Ice            0%         1d3       80%         1
 Necrotise                Necr           0%         1d4       80%         1
 Summon Small Mammal      Summ           0%         N/A       80%         1
 Frozen Ramparts          Ice            0%         1d1       99%         3
 Hailstorm                Conj/Ice       0%         3d3       99%         3
 Manifold Assault         Tloc           0%         N/A       100%        4
 Dispersal                Tloc           0%         N/A       100%        6
 Disjunction              Tloc           0%         N/A       100%        8


Dungeon Overview and Level Annotations

Branches:
Dungeon (3/15)

Altars:
Nemelex Xobeh
Sif Muna


Innate Abilities, Weirdness & Mutations

You are immune to sickness and miasma.
Your stone body is resilient. (AC +3)
You are immune to poison.
You resist negative energy. (rN+)
You are resistant to electric shocks. (rElec)
You are resistant to unholy torment.
You are immune to petrification.


Message History

The black bear claws you but does no damage. x2
You closely miss the black bear.
The black bear is severely wounded.
The black bear bites you!
The black bear claws you but does no damage.
The black bear barely misses you.
You are too injured to fight recklessly!
You are too injured to fight recklessly!
You are too injured to fight recklessly!
You are too injured to fight recklessly!
You are too injured to fight recklessly!
You are too injured to fight recklessly!
You are too injured to fight recklessly!
You are too injured to fight recklessly!
You are too injured to fight recklessly!
You are too injured to fight recklessly!
You are too injured to fight recklessly!
You are too injured to fight recklessly!
You are too injured to fight recklessly!
You are too injured to fight recklessly!
You hit the black bear.
The black bear is severely wounded.
The black bear goes berserk!
You hit the black bear but do no damage.
The black bear is severely wounded.
You block the black bear's attack.
The black bear claws you but does no damage.
The black bear barely misses you. The black bear closely misses you. x2
The black bear claws you but does no damage.
You barely miss the black bear.
The black bear is severely wounded.
The black bear bites you but does no damage.
You block the black bear's attack. The black bear closely misses you. x2
The black bear claws you.
* * * LOW HITPOINT WARNING * * *
You block the black bear's attack.
You barely miss the black bear.
The black bear is severely wounded.
The black bear bites you!
You die...

###.##### #.# .. #.# .# # ###
##'## .# .. .. ##...## .## #. .#
##.....## ### ..# #.#.##.# #
#.......## ##.##..# #.#.#..#.#
.)....<..####...#h.#.###.#..<.#.#
.........'......@...............>
.........####...#....###.#......#
#.......## ##..##.### #.##...###
##.....## #.#....# #......#
##...## ##.##.## ##...### #......
.# # #.### #.#.### .# #†# #.#.#
.# #.####### #........


You could see a black bear (berserk).

Vanquished Creatures
  2 adders (D:2)
  A worm (D:3)
  4 dart slugs
  2 endoplasms
  A giant cockroach (D:3)
  5 goblins
  4 hobgoblins
  2 jackals (D:1)
  4 quokkas
  A ball python (D:3)
  8 bats
  2 frilled lizards (D:1)
  5 kobolds
  19 rats
60 creatures vanquished.

Notes
Turn   | Place    | Note
-------+----------+-------------------------------------------
     0 | D:1      | AdnanSaban the Gargoyle Fighter began the quest for the
                  | Orb.
     0 | D:1      | Reached XP level 1. HP: 14/14 MP: 1/1
   136 | D:1      | Reached XP level 2. HP: 19/19 MP: 2/2
   440 | D:1      | Reached XP level 3. HP: 23/23 MP: 3/3
   782 | D:2      | Found a shimmering blue altar of Sif Muna.
  1103 | D:2      | Reached XP level 4. HP: 29/29 MP: 4/4
  1113 | D:2      | Reached skill level 4 in Armour
  1373 | D:3      | Found a sparkling altar of Nemelex Xobeh.
  1641 | D:3      | Found a faded altar of an unknown god.
  1871 | D:3      | Noticed a black bear
  1884 | D:3      | Slain by a black bear

Illustrated notes

Levels and vault maps discovered:
D:1:      wander_arrival_peaceful_grave, layout_loops_ring, serial_bayou_pond_a
D:2:      layout_loops_ring, basic_altar, minmay_misc_feat_encased,
          minmay_crystal_water, minmay_fountain_box, minivault_26,
          minmay_rat_hole
D:3:      layout_loops_corners, nemelex_xobeh_ov_fountains_minmay,
          chequers_ecumenical_altar_simple_redux, kennysheep_flooded_box

Skill      XL: |  1  2  3  4 |
---------------+-------------+-----
Armour         | 4 |  4.1
Fighting       | |  3.9
Maces & Flails | |  2.9
Dodging        | |  0.1
Shields        | |  3.7

Action                     |  1- 3 |  4- 6 || total
---------------------------+-------+-------++-------
  Melee: Flail             |   131 |    58 ||   189
 Armour: Scale mail        |    53 |    34 ||    87
  Dodge: Dodged            |    72 |    32 ||   104
  Block: Buckler           |    35 |    20 ||    55

Table legend: (Time is in decaauts)
 A = Elapsed time spent in this place.
 B = Non-inter-level travel time spent in this place.
 C = Inter-level travel time spent in this place.
 D = Time resting spent in this place.
 E = Time spent auto-exploring this place.
 F = Levels seen in this place.
 G = Mean time per level.
                   A        B        C        D        E       F      G
               +--------+--------+--------+--------+--------+-----+--------+
         Total |   1940 |   1913 |     27 |      0 |   1541 |   3 |  646.7 |
       Dungeon |   1940 |   1913 |     27 |      0 |   1541 |   3 |  646.7 |
               +--------+--------+--------+--------+--------+-----+--------+

Top non-repeatable levels by time:
     D:2: 770 daAuts
     D:1: 613 daAuts
     D:3: 556 daAuts
